 Dungeon Crawl Stone Soup version 0.13-a0-2236-g7be3fc8 (webtiles) character file.

855 Kae the Cudgeler (level 7, -1/60 HPs)
             Began as a Minotaur Berserker on July 4, 2013.
             Was a Priest of Trog.
             Slain by a hound (5 damage)
             ... on Level 5 of the Dungeon.
             The game lasted 00:04:31 (3643 turns).

Kae the Cudgeler (Minotaur Berserker)               Turns: 3643, Time: 00:04:31

HP  -1/60        AC  5     Str 23      XL: 7   Next: 15%
MP   2/2         EV 13     Int  4      God: Trog [***...]
Gold 265         SH  0     Dex 10      Spells:  0 memorised,  6 levels left

Res.Fire  : . . .   See Invis. : .   a - +0 mace
Res.Cold  : . . .   Warding    : .   b - +0 animal skin
Life Prot.: . . .   Conserve   : .   (no shield)
Res.Poison: .       Res.Corr.  : .   (helmet restricted)
Res.Elec. : .       Clarity    : .   (no cloak)
Sust.Abil.: . .     Spirit.Shd : .   (no gloves)
Res.Mut.  : .       Stasis     : .   (no boots)
Res.Rott. : .       Flight     : .   (no amulet)
Saprovore : . . .                    m - ring of teleport control
                                     k - +3 ring of protection

@: slightly resistant to hostile enchantments, unstealthy
A: retaliatory headbutt, horns 2, slow metabolism 1
a: Burn Spellbooks, Berserk, Trog's Hand, Renounce Religion, Evoke Teleport
Control


You were on level 5 of the Dungeon.
You worshipped Trog.
Trog was greatly pleased with you.
You were hungry.

You visited 2 branches of the dungeon, and saw 6 of its levels.

You collected 245 gold pieces.

Inventory:

Hand weapons
 a - a +0,+0 mace (weapon)
Armour
 b - a +0 animal skin (worn)
Magical devices
 u - a wand of draining (7)
Comestibles
 c - 5 bread rations
 f - 2 meat rations
 j - a banana
 p - an apple
 q - a pear
Scrolls
 i - 7 scrolls of magic mapping
 n - a scroll of blinking
 y - a scroll of fear
Jewellery
 k - a +3 ring of protection (left hand)
 m - a ring of teleport control (right hand)
 v - an uncursed ring of fire {unknown}
Potions
 d - a potion of slowing {unknown}
 e - a potion of agility
 h - a potion of brilliance
 l - 3 potions of curing {unknown}
 o - a potion of might {unknown}
 t - a potion of flight
 w - a potion of poison {unknown}
 x - a potion of mutation {unknown}
 C - a potion of confusion {unknown}


   Skills:
 + Level 5.5 Fighting
 * Level 6.6 Maces & Flails
 + Level 3.7 Armour
 + Level 4.9 Dodging
 - Level 0.1 Stealth
 - Level 1.1 Traps


You had 6 spell levels left.
You didn't know any spells.

Dungeon Overview and Level Annotations

Branches:
Dungeon (5/27)             Temple (1/1) D:5

Altars:
Okawaru
Trog
Vehumet
Zin

Annotations
D:4 1 exclusion
D:5 Duvessa


Innate Abilities, Weirdness & Mutations

You reflexively headbutt those who attack you in melee.
You have a pair of horns on your head.
You have a slow metabolism.


Message History

Duvessa hits you with an elven short sword!
Duvessa hits you with an elven short sword!
Read which item? (? for menu, Esc to quit)
As you read the scroll of teleportation, it crumbles to dust.
You feel strangely unstable.
You feel yourself speed up.
Duvessa hits you with an elven short sword!
* * * LOW HITPOINT WARNING * * *
Duvessa hits you with an elven short sword!
* * * LOW HITPOINT WARNING * * *
Duvessa closely misses you.
Duvessa hits you with an elven short sword.
* * * LOW HITPOINT WARNING * * *
Unknown command.
Your surroundings suddenly seem different.
You hear a shout!
You hear a shout!
You feel less exhausted. The hound bites you.
You die...

#.#####.# #.# #.#
#.# #.# ########.#
#.# #........#####.#
##.............>#
#.........#####.#
#.....h...#.....#
#...#.###.#.##.@#
#.. #.# #.#.##h.#
#...#.###.#.....#
...............#
####.###.#..#..#####
#.# #e#..#......#
#.# #.####..###.#
..# #...........#
..# ###..%..#####


You could see a hound.

Vanquished Creatures
  A sky beast (Temple)
  An ogre (D:4)
  A centaur (D:5)
  A big kobold (D:4)
  Dowan (D:5)
  3 iguanas
  A worker ant (D:4)
  A giant centipede (D:5)
  6 adders
  A worm (D:4)
  2 bat skeletons
  4 giant geckos
  4 oozes
  An orc (D:3)
  A ball python (D:1)
  3 giant cockroaches
  5 goblins
  10 hobgoblins
  3 quokkas
  7 bats
  5 giant newts
  11 kobolds
  11 rats
84 creatures vanquished.

Notes
Turn   | Place    | Note
--------------------------------------------------------------
     0 | D:1      | Kae, the Minotaur Berserker, began the quest for the Orb.
     0 | D:1      | Reached XP level 1. HP: 19/19 MP: 0/0
   369 | D:1      | Reached skill level 4 in Fighting
   369 | D:1      | Reached XP level 2. HP: 22/27 MP: 0/0
   708 | D:1      | Acquired Trog's second power
   840 | D:2      | Reached XP level 3. HP: 18/33 MP: 1/1
  1578 | D:3      | Reached XP level 4. HP: 40/40 MP: 1/1
  2092 | D:4      | Reached skill level 5 in Maces & Flails
  2092 | D:4      | Reached XP level 5. HP: 28/46 MP: 1/1
  2218 | D:4      | Noticed a moth of wrath
  2220 | D:4      | Found a bloodstained altar of Trog.
  2433 | D:4      | Noticed an ogre
  2510 | D:4      | HP: 2/46 [ogre/giant club (12)]
  2550 | D:4      | Killed an ogre
  2550 | D:4      | Reached skill level 5 in Fighting
  2550 | D:4      | Reached skill level 1 in Traps
  2749 | D:4      | Reached XP level 6. HP: 45/53 MP: 2/2
  2904 | D:4      | Noticed a big kobold
  2917 | D:4      | Killed a big kobold
  3024 | D:5      | Entered Level 5 of the Dungeon
  3064 | D:5      | Found a staircase to the Ecumenical Temple.
  3075 | Temple   | Entered the Ecumenical Temple
  3176 | D:5      | Reached skill level 6 in Maces & Flails
  3194 | Temple   | Reached XP level 7. HP: 10/60 MP: 2/2
  3328 | Temple   | Gained mutation: You have a slow metabolism. [mutagenic meat]
  3591 | D:5      | Noticed Dowan
  3603 | D:5      | Killed Dowan
  3624 | D:5      | Noticed Duvessa
  3634 | D:5      | HP: 2/60 [Duvessa/elven short sword (5)]
  3643 | D:5      | Slain by a hound

Action                   |  1- 3 |  4- 6 |  7- 9 || total
-------------------------+-------+-------+-------++-------
Melee: Mace              |    76 |   100 |    10 ||   186
Invok: Trog's Hand       |       |     3 |       ||     3
       Berserk           |       |       |     1 ||     1
Evoke: Wand              |       |     1 |       ||     1
  Use: Scroll            |     5 |     4 |     1 ||    10
